 Dungeon Crawl Stone Soup version 0.28.0 (webtiles) character file.

Game seed: 8935082225148540529

497 Sanktem7 the Poker (level 6, -5/56 HPs)
             Began as a Minotaur Berserker on Feb 8, 2022.
             Was a Priest of Trog.
             Slain by a gnoll (7 damage)
             ... on level 4 of the Dungeon.
             The game lasted 00:08:12 (3491 turns).

Sanktem7 the Poker (Minotaur Berserker)             Turns: 3491, Time: 00:08:12

Health: -5/56      AC: 11    Str: 26    XL:     6   Next: 93%
Magic:  5/5        EV: 12    Int:  4    God:    Trog [***...]
Gold:   137        SH:  0    Dex: 10    Spells: 5/5 levels left

rFire   . . .      SeeInvis .   a - +0 spear
rCold   . . .      Faith    .   (no shield)
rNeg    . . .      Spirit   .   q - +0 ring mail of Loufub {Harm Str+3}
rPois   .          Reflect  .   (helmet unavailable)
rElec   .          Harm     +   e - +2 cloak
rCorr   .          Rampage  .   m - +0 pair of gloves
Will    .....      Clarity  +   p - +0 pair of boots
Stlth   +.........              (no amulet)
HPRegen 0.18/turn               (no ring)
MPRegen 0.09/turn               (no ring)

@: no status effects
A: horns 3, retaliatory headbutt, beak, talons 1, clarity, noise suppression
a: Renounce Religion, Berserk, Trog's Hand


You were on level 4 of the Dungeon.
You worshipped Trog.
Trog was most pleased with you.
You visited 1 branch of the dungeon, and saw 4 of its levels.

You collected 137 gold pieces.

Inventory:

Hand Weapons
 a - a +0 spear (weapon)
Armour
 e - a +2 cloak (worn)
 m - a +0 pair of gloves (worn)
 o - a +0 plate armour
 p - a +0 pair of boots (worn)
 q - the +0 ring mail of Loufub (worn) {Harm Str+3}
   (You found it on level 4 of the Dungeon)

   Str:       It affects your strength (+3).
   Harm:      It increases damage dealt and taken.
Wands
 n - a wand of flame (13)
Scrolls
 c - 3 scrolls of teleportation
 f - 2 scrolls of vulnerability
 g - a scroll of amnesia
 i - a scroll of immolation
 j - a scroll of enchant armour {unknown}
Potions
 b - a potion of attraction {unknown}
 d - a potion of brilliance {unknown}
 h - a potion of resistance {unknown}
 k - 3 potions of heal wounds {unknown}
 l - a potion of flight {unknown}
 r - a potion of cancellation {unknown}


   Skills:
 + Level 5.1 Fighting
 + Level 6.7 Polearms
 + Level 3.2 Armour
 + Level 4.3 Dodging
 + Level 1.8 Stealth


You had 5 spell levels left.
You didn't know any spells.
Your spell library was empty.

Dungeon Overview and Level Annotations

Branches:
Dungeon (4/15)             Temple (0/1) D:4

Altars:
Uskayaw

Shops:
D:4 [


Innate Abilities, Weirdness & Mutations

You have a pair of large horns on your head.
You reflexively headbutt those who attack you in melee.
You have a beak for a mouth.
You have sharp toenails.
You possess an exceptional clarity of mind.
You passively dampen the noise of your surroundings.


Message History

The gnoll hits you but does no damage. The gnoll closely misses you.
You closely miss the gnoll.
The gnoll hits you from afar with a +0 halberd!
The gnoll closely misses you. The gnoll hits you but does no damage.
You hit the gnoll.
The gnoll is heavily wounded.
The gnoll hits you from afar with a +0 halberd!
The gnoll hits you but does no damage.
You hit the gnoll. Your headbutt misses the gnoll. Your peck misses the gnoll.
The gnoll is severely wounded.
The gnoll hits you with a +0 spear.
You hit the gnoll.
You kill the gnoll!
Trog accepts your kill. The gnoll barely misses you. x2
The gnoll closely misses you. The gnoll barely misses you.
You furiously retaliate!
You headbutt the gnoll.
You see here a +0 spear.
The gnoll throws a throwing net.
The throwing net hits you.
You become entangled in the net!
The gnoll hits you from afar with a +0 spear.
You see here a throwing net.
You struggle against the net.
The gnoll hits you but does no damage.
The gnoll hits you from afar with a +0 spear.
You struggle against the net.
The gnoll barely misses you.
The gnoll hits you from afar with a +0 spear.
Unknown command.
You shred the net and break free!
The gnoll hits you from afar with a +0 halberd.
The gnoll closely misses you. The gnoll hits you with a +0 halberd!
* * * LOW HITPOINT WARNING * * *
The gnoll hits you with a +0 spear.
* * * LOW HITPOINT WARNING * * *
You see here a +0 spear.
You puncture the gnoll!
You kill the gnoll!
Trog accepts your kill. The gnoll hits you with a +0 halberd.
You die...

######## #.###......# ########
.........# #......# >##..)g..#
#......# #.# #@# #.....<#
#.####.######......#
#.##...##..........#
#.##.##...##)......#
#.#..#..#.....#....#
##.#.#.##.#.#.#.##..#
########.....##.⌠.###.⌠.##.##
##...........####.#.#.#.####.##
##............#.#.###.###.#.#..#


You could see a gnoll.

Vanquished Creatures
  A water moccasin (D:3)
  A sky beast (D:3)
  A scorpion (D:4)
  A water moccasin skeleton (D:4)
  A jelly (D:4)
  An iguana (D:4)
  Ijyb (D:3)
  2 gnolls (D:4)
  2 adders (D:3)
  A white imp (D:3)
  A worm (D:3)
  3 dart slugs
  4 orcs
  4 endoplasms
  2 giant cockroaches
  6 goblins
  9 hobgoblins
  4 jackals (D:3)
  2 quokkas
  9 ball pythons
  6 bats
  4 frilled lizards
  5 kobolds
  6 rats
77 creatures vanquished.

Notes
Turn   | Place    | Note
-------+----------+-------------------------------------------
     0 | D:1      | Sanktem7 the Minotaur Berserker began the quest for the
                  | Orb.
     0 | D:1      | Reached XP level 1. HP: 19/19 MP: 0/0
   196 | D:1      | Reached skill level 4 in Polearms
   196 | D:1      | Reached XP level 2. HP: 15/27 MP: 1/1
  1251 | D:2      | Found a faded altar of an unknown god.
  1257 | D:2      | Reached XP level 3. HP: 33/33 MP: 2/2
  1775 | D:2      | Reached ** piety under Trog
  2447 | D:3      | Gained mutation: Armour fits poorly on your strangely
                  | shaped body. [potion of mutation]
  2447 | D:3      | Gained mutation: Your magical capacity is low. (-10% MP)
                  | [potion of mutation]
  2447 | D:3      | Gained mutation: You have a beak for a mouth. [potion of
                  | mutation]
  2447 | D:3      | Gained mutation: You have a pair of large horns on your
                  | head. [potion of mutation]
  2448 | D:3      | Lost mutation: Your magical capacity is low. (-10% MP)
                  | [potion of mutation]
  2448 | D:3      | Lost mutation: Armour fits poorly on your strangely shaped
                  | body. [potion of mutation]
  2448 | D:3      | Gained mutation: You have sharp toenails. [potion of
                  | mutation]
  2448 | D:3      | Gained mutation: You passively dampen the noise of your
                  | surroundings. [potion of mutation]
  2448 | D:3      | Gained mutation: You possess an exceptional clarity of
                  | mind. [potion of mutation]
  2597 | D:3      | Reached XP level 4. HP: 40/40 MP: 3/3
  2694 | D:3      | Found a hide-covered altar of Uskayaw.
  2775 | D:3      | Noticed a water moccasin
  2782 | D:3      | Killed a water moccasin
  2783 | D:3      | Reached skill level 5 in Polearms
  2783 | D:3      | Reached skill level 1 in Stealth
  2783 | D:3      | Reached XP level 5. HP: 28/47 MP: 4/4
  2970 | D:3      | Noticed a sky beast
  2982 | D:3      | Killed a sky beast
  2983 | D:3      | Reached skill level 6 in Polearms
  2983 | D:3      | Reached XP level 6. HP: 47/55 MP: 5/5
  3028 | D:3      | Noticed Ijyb
  3045 | D:3      | Killed Ijyb
  3271 | D:4      | Identified the +0 ring mail of Loufub {Harm Str+3}
  3349 | D:4      | Found a staircase to the Ecumenical Temple.
  3381 | D:4      | Reached skill level 5 in Fighting
  3414 | D:4      | Reached *** piety under Trog
  3435 | D:4      | Found Otzum's Antique Armour Boutique.
  3490 | D:4      | HP: 1/56 [gnoll (7)]
  3491 | D:4      | Slain by a gnoll

Illustrated notes

Levels and vault maps discovered:
D:1:      nagdon_arrival_zigzag_paths, layout_basic
D:2:      layout_basic, hellmonk_ecumenical_altar_lost_god, serial_corexii_hall,
          chequers_hall_statues_corner_a, corexii_hall_statues_i,
          chequers_hall_statues_corner_a, corexii_hall_statues_l,
          minmay_quadrilaterals
D:3:      layout_rooms, mainiacjoe_overflow_cross_hatched, uniq_ijyb
D:4:      layout_rooms, mainiacjoe_overflow_alcove_4, minmay_temple_entry_hall,
          serial_shops, nicolae_shop_crystal, grunt_decor_mini_mirrors

Skill      XL: |  1  2  3  4  5  6 |
---------------+-------------------+-----
Polearms       | 4 5 6 |  6.7
Fighting       | 4 5 |  5.1
Armour         | 3 |  3.2
Dodging        | 3 4 |  4.3
Stealth        | 1 |  1.8

Action                   |  1- 3 |  4- 6 || total
-------------------------+-------+-------++-------
Melee: Spear             |    91 |    86 ||   177
       Headbutt          |    11 |    13 ||    24
       Punch             |     2 |       ||     2
       Peck              |     2 |    11 ||    13
       Kick              |     2 |     8 ||    10
  Use: Scroll            |     5 |       ||     5
       Potion            |     2 |       ||     2
Armor: Animal skin       |    15 |    13 ||    28
       Ring mail         |       |     9 ||     9
       Plate armour      |       |     6 ||     6
Dodge: Dodged            |    60 |    54 ||   114
